 Seeded DCSS version 0.30-a0-313-gae38170b09 (webtiles) character file.

Game seed: 18244077066477116004 (custom seed)

1273 retardedninja the Cleaver (level 8, -2/70 HPs)
             Began as a Hill Orc Fighter on Oct 26, 2022.
             Was an Initiate of Gozag.
             Slain by a killer bee (5 damage)
             ... on level 6 of the Dungeon.
             The game lasted 00:07:12 (5386 turns).

retardedninja the Cleaver (Hill Orc Fighter)        Turns: 5386, Time: 00:07:13

Health: -2/70      AC:  9    Str: 21    XL:     8   Next: 53%
Magic:  8/8        EV: 10    Int:  8    God:    Gozag
Gold:   438        SH:  4    Dex: 10    Spells: 7/7 levels left

rFire   . . .      SeeInvis .    a - +0 war axe (spect)
rCold   . . .      Faith    .    c - +0 buckler
rNeg    . . .      Spirit   .    b - +0 scale mail
rPois   .          Reflect  .    D - +2 hat
rElec   .          Harm     .    (no cloak)
rCorr   .          Rampage  .    (no gloves)
Will    +....                    (no boots)
Stlth   ..........               (no amulet)
HPRegen 0.00/turn                (no ring)
MPRegen 0.11/turn                (no ring)

@: lethally poisoned (-2 -> -12), attractive, flying, inhibited regen, invisible
A: strong-willed 1, inhibited regeneration, inability to drink after injury 1
a: Renounce Religion, Potion Petition, Call Merchant, Bribe Branch


You were on level 6 of the Dungeon.
You worshipped Gozag.
Gozag was aware of your devotion.
You visited 2 branches of the dungeon, and saw 7 of its levels.

You collected 547 gold pieces.
You paid 109 gold pieces to Gozag.

Inventory:

Hand Weapons
 a - a +0 spectral war axe (weapon)
Missiles
 j - a boomerang (quivered)
Armour
 b - a +0 scale mail (worn)
 c - a +0 buckler (worn)
 D - a +2 hat (worn)
Jewellery
 l - a ring of wizardry
 q - a ring of protection from cold
Wands
 u - a wand of roots (2)
Scrolls
 d - 2 scrolls of identify {unknown}
 f - 5 scrolls of teleportation
 h - a scroll of brand weapon
 i - a scroll of fog {unknown}
 n - a scroll of noise {unknown}
 o - a scroll of immolation {unknown}
 s - 2 scrolls of silence {unknown}
 y - a scroll of enchant armour {unknown}
 A - a scroll of enchant weapon {unknown}
 B - a scroll of fear {unknown}
 C - a scroll of vulnerability {unknown}
Potions
 e - a potion of attraction
 k - 4 potions of cancellation
 r - a potion of flight
 v - a potion of lignification {unknown}
 x - 2 potions of magic
 z - 2 potions of haste {unknown}


   Skills:
 + Level 5.9 Fighting
 + Level 9.0 Axes
 + Level 0.4 Throwing
 + Level 6.5 Armour
 + Level 1.7 Dodging
 + Level 1.0 Stealth
 + Level 4.1 Shields


You had 7 spell levels left.
You didn't know any spells.
Your spell library contained the following spells:

 Spells                   Type           Power      Damage    Failure   Level
 Portal Projectile        Hex/Tloc       0%         N/A       99%         3
 Tukima's Dance           Hex            0%         N/A       99%         3
 Anguish                  Hex/Necr       0%         N/A       100%        4
 Blade Hands              Tmut           0%         N/A       100%        5
 Enfeeble                 Hex            0%         N/A       100%        7


Dungeon Overview and Level Annotations

Branches:
Dungeon (6/15)             Temple (1/1) D:5

Altars:
Ashenzari
Cheibriados
Dithmenos
Elyvilon
Fedhas
Gozag
Hepliaklqana
Kikubaaqudgha
Makhleb
Nemelex Xobeh
Qazlal
Sif Muna
Trog
Uskayaw
Vehumet
Wu Jian
Xom
Yredelemnul
The Shining One


Innate Abilities, Weirdness & Mutations

You are strong-willed. (Will+)
You do not regenerate when monsters are visible.
You occasionally lose the ability to drink potions when taking damage.


Message History

You block the water moccasin's attack. The killer bee stings you!
* * * LOW HITPOINT WARNING * * *
You feel much better.
You feel very sick. The killer bee barely misses you.
The water moccasin bites you but does no damage.
The killer bee barely misses you.
The howler monkey hoots and howls with incredible vigour!
You closely miss the water moccasin.
The water moccasin is almost dead.
You hit the killer bee but do no damage.
You feel very sick. The killer bee stings you.
* * * LOW HITPOINT WARNING * * *
You are more poisoned.
The killer bee poisons you! The water moccasin bites you.
* * * LOW HITPOINT WARNING * * *
You block the killer bee's attack.
The water moccasin bites you but does no damage.
It was a potion of attraction.
You feel attractive to monsters.
* * * LOW HITPOINT WARNING * * *
You feel very sick. The killer bee barely misses you.
The water moccasin closely misses you. You block the killer bee's attack.
It was a potion of mutation.
You feel extremely strange.
You occasionally lose the ability to drink potions when taking damage.
Your regeneration stops near monsters.
You feel strong-willed.
* * * LOW HITPOINT WARNING * * *
You feel very sick. The killer bee closely misses you.
The water moccasin closely misses you. You block the killer bee's attack.
The water moccasin bites you but does no damage.
It was a potion of invisibility.
You fade into invisibility!
* * * LOW HITPOINT WARNING * * *
You feel sick. You block the killer bee's attack.
You block the water moccasin's attack. The killer bee stings you.
You die...
Your body crumbles into a pile of gold.

##### ##.#.## ## ...
...# ##.... ..... ##.##
#.### .#..
######...####.## # ...
...............# .##.#..
##........##.## .......
##............
#...y######..#########.#
#..ohyy@S......# ..
#...o#####.#.#.# .#
#.#.. #...#.# .# # ###
##..# # .# ##.# #.# #.#
.# ###


You could see a water moccasin (unable to see you), a howler monkey (unable to
see you), 3 killer bees and 2 orcs.

Vanquished Creatures
  Sigmund (D:3)
  2 black bears (D:5)
  An ice beast (D:6)
  A centaur (D:6)
  A phantom (D:2)
  A necrophage (D:5)
  A scorpion (D:6)
  A jelly (D:4)
  An orc priest (D:4)
  A gnoll bouda (D:5)
  4 iguanas
  Jessica (D:2)
  2 orc wizards (D:4)
  Natasha (thrice) (D:3)
  5 gnolls (D:5)
  9 adders
  A shadow imp (D:5)
  A white imp (D:5)
  A worm (D:5)
  2 dart slugs
  9 orcs
  6 ball pythons
  6 endoplasms
  4 giant cockroaches
  2 goblins
  7 hobgoblins
  5 quokkas
  5 bats
  4 frilled lizards
  8 kobolds
  2 rats
98 creatures vanquished.

Notes
Turn   | Place    | Note
-------+----------+-------------------------------------------
     0 | D:1      | retardedninja the Hill Orc Fighter began the quest for the
                  | Orb.
     0 | D:1      | Reached XP level 1. HP: 19/19 MP: 1/1
   235 | D:1      | Reached XP level 2. HP: 26/27 MP: 2/2
   536 | D:1      | HP: 1/27 [ball python (2)]
  1117 | D:1      | Reached skill level 3 in Axes
  1117 | D:1      | Reached XP level 3. HP: 33/33 MP: 3/3
  1467 | D:2      | Noticed a phantom
  1479 | D:2      | Killed a phantom
  1480 | D:2      | Reached skill level 4 in Axes
  1480 | D:2      | Reached XP level 4. HP: 20/40 MP: 4/4
  1701 | D:2      | Identified the +5 sling "Ceudos" {antimagic, rC++ rN+}
  1869 | D:2      | Reached XP level 5. HP: 47/47 MP: 5/5
  2022 | D:2      | Noticed Jessica
  2030 | D:2      | Killed Jessica
  2460 | D:3      | Noticed Sigmund
  2467 | D:3      | Killed Sigmund
  2468 | D:3      | Reached skill level 5 in Fighting
  2468 | D:3      | Reached skill level 5 in Axes
  2468 | D:3      | Reached XP level 6. HP: 50/56 MP: 6/6
  2764 | D:3      | Noticed Natasha
  2770 | D:3      | Killed Natasha
  2771 | D:3      | Reached skill level 1 in Dodging
  2991 | D:3      | Noticed Natasha
  3001 | D:3      | Killed Natasha
  3002 | D:3      | Reached skill level 6 in Axes
  3092 | D:3      | Noticed Natasha
  3100 | D:3      | Killed Natasha
  3226 | D:4      | Reached XP level 7. HP: 45/61 MP: 7/7
  3440 | D:4      | Found a glowing golden altar of the Shining One.
  3487 | D:4      | Reached skill level 5 in Armour
  4247 | D:5      | Entered Level 5 of the Dungeon
  4253 | D:5      | Reached skill level 7 in Axes
  4343 | D:5      | Found a staircase to the Ecumenical Temple.
  4369 | Temple   | Entered the Ecumenical Temple
  4377 | Temple   | Became a worshipper of Gozag Ym Sagoz the Greedy
  4427 | D:5      | Reached XP level 8. HP: 62/70 MP: 8/8
  4472 | D:5      | Reached skill level 8 in Axes
  4627 | D:5      | Found an ancient bone altar of Kikubaaqudgha.
  4750 | D:5      | Reached skill level 1 in Stealth
  5014 | D:6      | Reached skill level 9 in Axes
  5385 | D:6      | Gained mutation: You occasionally lose the ability to drink
                  | potions when taking damage. [potion of mutation]
  5385 | D:6      | Gained mutation: You do not regenerate when monsters are
                  | visible. [potion of mutation]
  5385 | D:6      | Gained mutation: You are strong-willed. (Will+) [potion of
                  | mutation]
  5386 | D:6      | HP: 3/70 [poisoned by a killer bee]
  5386 | D:6      | Slain by a killer bee

Illustrated notes

Levels and vault maps discovered:
D:1:      psy_arrival_radial01, layout_basic
D:2:      layout_loops_corners, minmay_goblin_kobold_house, uniq_jessica
D:3:      layout_basic, uniq_natasha, uniq_sigmund
D:4:      layout_basic, nicolae_tso_swordbearing_angel
D:5:      layout_cave_pools, kennysheep_mini, minmay_temple_entry_glassed_door,
          minmay_stone_trees_small
D:6:      layout_loops_ring, zin_treasury, hangedman_decor_opposing,
          minivault_27
Temple:   sentei_temple_godly_chess

Skill      XL: |  1  2  3  4  5  6  7  8 |
---------------+-------------------------+-----
Fighting       | 4 5 |  5.9
Axes           | 3 4 5 6 7 9 |  9.0
Armour         | 4 5 6 |  6.5
Dodging        | 1 |  1.7
Shields        | 4 |  4.1
Stealth        | 1 |  1.0
Throwing       | |  0.4

Action                   |  1- 3 |  4- 6 |  7- 9 || total
-------------------------+-------+-------+-------++-------
Melee: War axe           |    70 |    76 |   108 ||   254
Throw: Boomerang         |     4 |       |    11 ||    15
  Use: Potion            |     1 |     1 |    12 ||    14
       Scroll            |       |       |     2 ||     2
Armor: Scale mail        |    36 |    25 |    50 ||   111
Dodge: Dodged            |    32 |    35 |    61 ||   128
Block: Buckler           |    16 |    16 |    28 ||    60

Table legend: (Time is in decaauts)
 A = Elapsed time spent in this place.
 B = Non-inter-level travel time spent in this place.
 C = Inter-level travel time spent in this place.
 D = Time resting spent in this place.
 E = Time spent auto-exploring this place.
 F = Levels seen in this place.
 G = Mean time per level.
                   A        B        C        D        E       F      G
               +--------+--------+--------+--------+--------+-----+--------+
         Total |   5465 |   5358 |    107 |    628 |   4017 |   7 |  780.7 |
       Dungeon |   5450 |   5343 |    107 |    628 |   4017 |   6 |  908.3 |
        Temple |     14 |     14 |      0 |      0 |      0 |   1 |   14.0 |
               +--------+--------+--------+--------+--------+-----+--------+

Top non-repeatable levels by time:
     D:1: 1354 daAuts
     D:2: 1035 daAuts
     D:4: 1034 daAuts
     D:3: 889 daAuts
     D:5: 621 daAuts
     D:6: 516 daAuts
  Temple: 14 daAuts
